 Dungeon Crawl Stone Soup version 0.28.0-53-g5a82cb258f (webtiles) character file.

Game seed: 10883592111106478979

140 quixfox the Chopper (level 5, -8/47 HPs)
             Began as a Hill Orc Fighter on July 15, 2022.
             Mangled by an ogre
             ... wielding a +0 giant spiked club
              (12 damage)
             ... on level 4 of the Dungeon.
             The game lasted 00:04:37 (3437 turns).

quixfox the Chopper (Hill Orc Fighter)              Turns: 3437, Time: 00:04:38

Health: -8/47      AC: 11    Str: 21    XL:     5   Next: 22%
Magic:  5/5        EV:  5    Int:  8    God:
Gold:   141        SH:  4    Dex: 10    Spells: 4/4 levels left

rFire   . . .      SeeInvis .   a - +0 war axe
rCold   . . .      Faith    .   c - +0 buckler
rNeg    . . .      Spirit   .   l - +0 plate armour
rPois   .          Reflect  .   (no helmet)
rElec   .          Harm     .   (no cloak)
rCorr   .          Rampage  .   (no gloves)
Will    .....                   (no boots)
Stlth   ..........              (no amulet)
HPRegen 0.15/turn               (no ring)
MPRegen 0.09/turn               (no ring)

@: mighty
A: no striking features
a: no special abilities


You were on level 4 of the Dungeon.
You visited 1 branch of the dungeon, and saw 4 of its levels.

You collected 141 gold pieces.

Inventory:

Hand Weapons
 a - a +0 war axe (weapon)
 g - a +2 mace of protection
Missiles
 s - 6 silver javelins
 w - 2 javelins (quivered)
Armour
 c - a +0 buckler (worn)
 l - a +0 plate armour (worn)
 m - a +0 tower shield
Scrolls
 b - a scroll of summoning {unknown}
 e - a scroll of immolation {unknown}
 j - a scroll of enchant weapon {unknown}
 k - 2 scrolls of identify {unknown}
 o - a scroll of vulnerability {unknown}
 r - a scroll of magic mapping {unknown}
 t - 3 scrolls of teleportation {unknown}
 u - a scroll of holy word {unknown}
Potions
 f - a potion of berserk rage {unknown}
 h - a potion of flight {unknown}
 i - a potion of attraction {unknown}
 n - 2 potions of curing {unknown}
 p - 2 potions of mutation {unknown}
 q - a potion of resistance {unknown}
 v - a potion of haste {unknown}


   Skills:
 + Level 4.5 Fighting
 * Level 5.0 Axes
 + Level 4.1 Armour
 + Level 3.7 Shields


You had 4 spell levels left.
You didn't know any spells.
Your spell library contained the following spells:

 Spells                   Type           Power      Damage    Failure   Level
 Summon Small Mammal      Summ           0%         N/A       100%        1
 Call Canine Familiar     Summ           0%         N/A       100%        3
 Dazzling Flash           Conj/Hex       0%         N/A       100%        3
 Inner Flame              Hex/Fire       0%         N/A       100%        3
 Summon Guardian Golem    Hex/Summ       0%         N/A       100%        3
 Cause Fear               Hex            0%         N/A       100%        4
 Iskenderun's Mystic Bla  Conj/Tloc      0%         2d3       100%        4
 Starburst                Conj/Fire      0%         6d3       100%        6
 Discord                  Hex            0%         N/A       100%        8


Dungeon Overview and Level Annotations

Branches:
Dungeon (4/15)
 Temple: D:4-7

Altars:
Vehumet


Message History

The hobgoblin hits you but does no damage.
You block the hobgoblin's attack.
You slash the hobgoblin!
You kill the hobgoblin!
No target in view!
You see here a hobgoblin corpse.
There is an open door here.
Found an escape hatch in the ceiling.
There is an open door here.
No target in view!
You pick up a book of Hexes and begin reading...
You add the spells Inner Flame, Cause Fear and Discord to your library.
A ball python comes into view.
The ball python hisses angrily.
There is an open door here.
You hit the ball python.
You kill the ball python!
As you open the door, it creaks loudly!
Found a radiant altar of Vehumet.
As you open the door, it creaks loudly!
There is an open door here.
As you open the door, it creaks loudly!
You hear a shout!
Found a scale mail.
There is an open door here.
An ogre comes into view. It is wielding a +0 giant spiked club.
Okay, then.
You throw a javelin.
The javelin pierces through the ogre but does no damage.
You throw a javelin. The javelin pierces through the ogre!
The ogre is moderately wounded.
The ogre hits you with a +0 giant spiked club!!
You feel very mighty all of a sudden.
You closely miss the ogre.
The ogre is moderately wounded.
The ogre hits you with a +0 giant spiked club!!
* * * LOW HITPOINT WARNING * * *
You slice the ogre!!
The ogre is almost dead.
The ogre hits you with a +0 giant spiked club!
You die...

.......# ......# ..
.....# . (.. ##
#....# .
..[.##.##....# .
........#....# .
(.....O@#....# .
........'....# .
############'## #
#.###.............#
#
#...#.............#
#
#...#.............#
# #..
#....<....#'#.# +
+.. #.........#_#.#
#
#.###.........#+#.#


You could see an ogre.

Vanquished Creatures
  4 gnolls
  3 adders
  A worm (D:4)
  2 dart slugs (D:3)
  5 orcs
  7 ball pythons
  9 endoplasms
  2 giant cockroaches
  3 goblins
  4 hobgoblins
  3 quokkas
  8 bats
  A frilled lizard (D:3)
  5 kobolds
  4 rats
61 creatures vanquished.

Notes
Turn   | Place    | Note
-------+----------+-------------------------------------------
     0 | D:1      | quixfox the Hill Orc Fighter began the quest for the Orb.
     0 | D:1      | Reached XP level 1. HP: 19/19 MP: 1/1
    86 | D:1      | Reached skill level 3 in Axes
   247 | D:1      | Reached XP level 2. HP: 22/27 MP: 2/2
   633 | D:1      | Reached XP level 3. HP: 22/33 MP: 3/3
  1118 | D:2      | Reached skill level 4 in Axes
  1684 | D:3      | Reached XP level 4. HP: 39/40 MP: 4/4
  2665 | D:3      | Reached XP level 5. HP: 47/47 MP: 5/5
  3226 | D:4      | Reached skill level 5 in Axes
  3414 | D:4      | Found a radiant altar of Vehumet.
  3432 | D:4      | Noticed an ogre
  3437 | D:4      | Mangled by an ogre

Illustrated notes

Levels and vault maps discovered:
D:1:      wander_arrival_chamber, layout_basic
D:2:      layout_loops_ring
D:3:      layout_basic
D:4:      layout_gridville, kennysheep_mini

Skill      XL: |  1  2  3  4  5 |
---------------+----------------+-----
Axes           | 3 4 5 |  5.0
Fighting       | 4 |  4.5
Armour         | 4 |  4.1
Shields        | |  3.7

Action                   |  1- 3 |  4- 6 || total
-------------------------+-------+-------++-------
Melee: War axe           |    80 |    84 ||   164
Throw: Javelin           |       |    10 ||    10
  Use: Potion            |       |     1 ||     1
Armor: Scale mail        |    42 |    16 ||    58
       Plate armour      |       |    12 ||    12
Dodge: Dodged            |    54 |    34 ||    88
Block: Buckler           |    19 |    26 ||    45
